 Dungeon Crawl Stone Soup version 0.28-a0-577-gb193047a1f (webtiles) character file.

Game seed: 11255500667313206195

508 funkygono the Slasher (level 7, -2/50 HPs)
             Began as a Djinni Gladiator on Oct 2, 2021.
             Slain by Pikel (4 damage)
             ... on level 4 of the Dungeon.
             The game lasted 00:10:11 (5989 turns).

funkygono the Slasher (Djinni Gladiator)            Turns: 5989, Time: 00:10:12

Health: -2/50      AC:  6    Str: 14    XL:     7   Next: 42%
Gold:   25         EV: 14    Int: 10    God:
                   SH:  0    Dex: 21

rFire   + + .      SeeInvis .   a - +1 long sword
rCold   x . .      Faith    .   (no shield)
rNeg    . . .      Spirit   .   b - +0 leather armour
rPois   ∞          Reflect  .   c - +1 helmet
rElec   .          Harm     .   (no cloak)
rCorr   .          Rampage  .   f - +0 pair of gloves
Will    .....                   (boots unavailable)
Stlth   ++........              (no amulet)
HPRegen 0.16/turn               i - +6 ring of dexterity
MPRegen 0.00/turn               l - ring of wizardry

@: mighty, flying
A: sickness immunity, fire resistance 2, cold vulnerability 1, float, innate
caster, hp casting, extra vitality 1
a: no special abilities


You were on level 4 of the Dungeon.
You visited 1 branch of the dungeon, and saw 5 of its levels.

You collected 130 gold pieces.
You spent 105 gold pieces at shops.

Inventory:

Hand Weapons
 a - a +1 long sword (weapon)
Missiles
 d - 4 throwing nets (quivered)
 g - 79 stones
Armour
 b - a +0 leather armour (worn)
 c - a +1 helmet (worn)
 f - a +0 pair of gloves (worn)
Jewellery
 i - a +6 ring of dexterity (left hand)
 j - a ring of fire
 l - a ring of wizardry (right hand)
Wands
 k - a wand of digging (5)
 r - a wand of acid (6)
Scrolls
 e - a scroll of fear
Potions
 h - a potion of might
 n - a potion of mutation {unknown}
 o - 2 potions of curing
 p - a potion of heal wounds {unknown}


   Skills:
 + Level 3.1 Fighting
 + Level 4.4 Long Blades
 - Level 1.6 Throwing
 + Level 2.5 Armour
 + Level 4.2 Dodging
 + Level 0.5 Stealth
 + Level 2.9 Spellcasting


You had 5 spell levels left.
You knew the following spells:

 Your Spells              Type           Power      Damage    Failure   Level
a - Magic Dart            Conj           28%        1d4       4%          1
b - Static Discharge      Conj/Air       7%         N/A       6%          2
c - Confusing Touch       Hex            7%         N/A       13%         3
Your spell library was empty.

Dungeon Overview and Level Annotations

Branches:
Dungeon (5/15)
 Temple: D:4-7

Altars:
Xom

Shops:
D:2 ?

Annotations:
D:4 Pikel


Innate Abilities, Weirdness & Mutations

You are immune to sickness and miasma.
You are immune to poison.
Your flesh is very heat resistant. (rF++)
You are vulnerable to cold. (rC-)
You float through the air rather than walking.
You learn spells naturally, not from books.
Your magical power is your life essence.
You have superior vitality. (+4 HP)


Message History

Pikel is moderately wounded.
Pikel closely misses you.
You hit Pikel.
Pikel is moderately wounded.
Pikel misses you.
You slash Pikel!
Pikel is severely wounded.
Pikel drinks a potion.
Pikel is healed!
Pikel hits you with a +0 whip of freezing.
Pikel freezes you.
Pikel says, "You'll feel the lick of my whip!"
There is a stone staircase leading up here.
The lemure shouts!
Pikel hits you with a +0 whip of freezing.
* * * LOW HITPOINT WARNING * * *
Pikel freezes you.
* * * LOW HITPOINT WARNING * * *
You fly upwards.
There is a stone staircase leading down here.
You feel better.
Pikel hits you with a +0 whip of freezing.
* * * LOW HITPOINT WARNING * * *
Pikel freezes you.
* * * LOW HITPOINT WARNING * * *
You feel very mighty all of a sudden.
Pikel hits you with a +0 whip of freezing!
* * * LOW HITPOINT WARNING * * *
Pikel freezes you.
* * * LOW HITPOINT WARNING * * *
Unknown command.
You slice Pikel!!
Pikel is severely wounded.
Pikel hits you but does no damage.
You hit Pikel.
Pikel is almost dead.
Pikel closely misses you.
You hit Pikel.
Pikel is almost dead.
Pikel hits you with a +0 whip of freezing.
You die...

##########
###############.....[...
#......@K...........####
#.########..##.#.##.#### #.#
#.....#.###.#..... #.#
#.##..##.#.##.###. #.#
#.###.###.###.....
##########.#####.###.# ### #.###.
#....>.............).# #.####
#.###.####.#########.#######.....
...[..# #.# #.........###.


You could see Pikel.

Vanquished Creatures
  An ogre (D:4)
  A lemure (D:4)
  2 scorpions
  A water moccasin zombie (D:4)
  A wyvern skeleton (D:5)
  A bullfrog skeleton (D:5)
  8 adders
  An ufetubus (D:4)
  An adder skeleton (D:4)
  A worm (D:2)
  A dart slug (D:1)
  5 orcs
  11 ball pythons
  6 endoplasms
  A giant cockroach (D:4)
  9 hobgoblins
  5 jackals
  7 kobolds
  2 quokkas
  10 bats
  3 frilled lizards
  4 goblins
  9 rats
91 creatures vanquished.

Notes
Turn   | Place    | Note
-------+----------+-------------------------------------------
     0 | D:1      | funkygono the Djinni Gladiator began the quest for the Orb.
     0 | D:1      | Reached XP level 1. HP: 18/18 MP: 0/0
   237 | D:1      | Reached XP level 2. HP: 23/23 MP: 0/0
   413 | D:1      | Reached XP level 3. HP: 21/28 MP: 0/0
   413 | D:1      | Learned a level 1 spell: Magic Dart
   812 | D:1      | Found a faded altar of an unknown god.
  1518 | D:2      | Reached skill level 1 in Armour
  1650 | D:2      | Reached XP level 4. HP: 31/33 MP: 0/0
  1955 | D:2      | Found Lugok's Magic Scroll Emporium.
  2745 | D:3      | Reached skill level 1 in Spellcasting
  2788 | D:3      | Reached XP level 5. HP: 32/39 MP: 0/0
  2788 | D:3      | Learned a level 2 spell: Static Discharge
  3991 | D:4      | Noticed an ogre
  4012 | D:4      | Killed an ogre
  4013 | D:4      | Reached XP level 6. HP: 12/45 MP: 0/0
  5134 | D:4      | Found a shimmering altar of Xom.
  5405 | D:2      | Bought a scroll of enchant weapon for 105 gold pieces
  5423 | D:5      | Entered Level 5 of the Dungeon
  5423 | D:5      | Noticed Pikel
  5578 | D:4      | Reached XP level 7. HP: 41/49 MP: 0/0
  5578 | D:4      | Learned a level 3 spell: Confusing Touch
  5986 | D:4      | HP: 1/50 [Pikel (3)]
  5989 | D:4      | Slain by Pikel

Illustrated notes

Levels and vault maps discovered:
D:1:      dpeg_arrival_erosion, layout_basic,
          shapermc_ecumenical_altar_acropolis
D:2:      layout_basic, serial_shops, shop
D:3:      layout_basic, corexii_hall_statues_x, minmay_snake_closets
D:4:      layout_loops_ring, kennysheep_mini_moat
D:5:      layout_cave_pools, chequers_jeans, uniq_pikel

Skill      XL: |  1  2  3  4  5  6  7 |
---------------+----------------------+-----
Long Blades    | 3 4 |  4.4
Armour         | 1 2 |  2.5
Spellcasting   | 1 2 |  2.9
Dodging        | 4 |  4.2
Fighting       | 3 |  3.1
Throwing       | |  1.6
Stealth        | |  0.5

Action                   |  1- 3 |  4- 6 |  7- 9 || total
-------------------------+-------+-------+-------++-------
Melee: Long sword        |    89 |   109 |    36 ||   234
 Cast: Magic Dart        |    18 |   111 |    22 ||   151
       Static Discharge  |       |    10 |       ||    10
       Confusing Touch   |       |       |     3 ||     3
  Use: Scroll            |       |    10 |       ||    10
       Potion            |       |     1 |     2 ||     3
 Stab: Sleeping          |       |     2 |       ||     2
       Confused          |       |       |     1 ||     1
Armor: Leather armour    |    64 |    34 |     7 ||   105
Dodge: Dodged            |   101 |    99 |    29 ||   229

Table legend: (Time is in decaauts)
 A = Elapsed time spent in this place.
 B = Non-inter-level travel time spent in this place.
 C = Inter-level travel time spent in this place.
 D = Time resting spent in this place.
 E = Time spent auto-exploring this place.
 F = Levels seen in this place.
 G = Mean time per level.
                   A        B        C        D        E       F      G
               +--------+--------+--------+--------+--------+-----+--------+
         Total |   6030 |   5894 |    136 |    614 |   4310 |   5 | 1206.0 |
       Dungeon |   6030 |   5894 |    136 |    614 |   4310 |   5 | 1206.0 |
               +--------+--------+--------+--------+--------+-----+--------+

Top non-repeatable levels by time:
     D:3: 1790 daAuts
     D:4: 1654 daAuts
     D:1: 1211 daAuts
     D:2: 953 daAuts
     D:5: 419 daAuts
